 Dungeon Crawl Stone Soup version 0.22-a0-367-gb72a975701 (webtiles) character file.

250 Flugkiller the Grave Robber (level 5, -5/28 HPs)
             Began as a Deep Elf Necromancer on Apr 23, 2018.
             Slain by an ogre
             ... wielding a +0 giant club
              (12 damage)
             ... on level 5 of the Dungeon.
             The game lasted 00:13:02 (3997 turns).

Flugkiller the Grave Robber (Deep Elf Necromancer)  Turns: 3997, Time: 00:13:03

Health: -5/28      AC:  3    Str:  5    XL:     5   Next: 88%
Magic:  14/15      EV: 13    Int: 21    God:
Gold:   226        SH:  0    Dex: 15    Spells: 7/16 levels left

rFire    . . .     SeeInvis .   r - +0 dagger (speed)
rCold    . . .     Gourm    .   (no shield)
rNeg     + . .     Faith    .   a - +0 robe
rPois    .         Spirit   .   (no helmet)
rElec    .         Reflect  .   (no cloak)
rCorr    .         Harm     .   f - +0 pair of gloves
MR       .....                  (no boots)
Stlth    ++........             d - amulet of magic regeneration
HPRegen  0.09/turn              j - ring of positive energy
MPRegen  0.39/turn              q - ring of flight

@: drained
A: no striking features
a: Evoke Flight


You were on level 5 of the Dungeon.
You were not hungry.

You visited 1 branch of the dungeon, and saw 5 of its levels.

You collected 226 gold pieces.

Inventory:

Hand Weapons
 r - a +0 dagger of speed (weapon)
Armour
 a - a +0 robe (worn)
 f - a +0 pair of gloves (worn)
Jewellery
 d - an amulet of magic regeneration (around neck)
 j - a ring of positive energy (left hand)
 q - a ring of flight (right hand)
Wands
 p - a wand of paralysis (6)
Scrolls
 g - a scroll of magic mapping {unknown}
 h - a scroll of fog {unknown}
 k - a scroll of immolation {unknown}
 o - a scroll of fear {unknown}
 u - a scroll of remove curse {unknown}
Potions
 e - a potion of resistance
 i - a potion of heal wounds
 l - a potion of brilliance {unknown}
 s - 2 potions of mutation {unknown}
 t - 2 potions of flight {unknown}
 v - a potion of haste
Comestibles
 c - 10 rations


   Skills:
 * Level 0.1(0.0) Fighting
 - Level 2.4(2.1) Dodging
 - Level 2.4(2.1) Stealth
 + Level 6.2(5.9) Spellcasting
 + Level 7.0(6.7) Necromancy


You had 7 spell levels left.
You knew the following spells:

 Your Spells              Type           Power        Failure   Level  Hunger
a - Pain                  Necr           ####         1%          1    None
b - Animate Skeleton      Necr           N/A          1%          1    None
c - Regeneration          Chrm/Necr      ###.......   8%          3    ##.....
d - Animate Dead          Necr           N/A          6%          4    ####...


Dungeon Overview and Level Annotations

Branches:
Dungeon (5/15)
 Temple: D:4-7

Altars:
Cheibriados

Annotations:
D:4 Eustachio; Naab's ghost, amateur SpEn
D:5 Satyr's ghost, novice DsTm


Message History

The orc writhes in agony!
The orc wizard gestures wildly while chanting.
The orc wizard flickers and vanishes!
Deactivating autopickup; reactivate with Ctrl-A.
The orc hits you.
The orc hits you from afar with a trident.
The white imp closely misses you. The white imp gestures at you.
The puff of frost hits you!
The white imp summons a swarm of flies.
There is a stone staircase leading down here.
The orc barely misses you.
The orc hits you from afar with a trident!
* * * LOW HITPOINT WARNING * * *
The white imp gestures at you. The puff of frost misses you.
You climb downwards.
Level annotation: Satyr's ghost, novice DsTm The ogre hits you with a giant club!
You die...

## ###+####### #...
.#### ..........# #...
..W. ..........# #...
... ..........# #... ..
.......O..# #... .#
.......@o.##### #... .##
#######.......#######...
..# #.......#.........
..# #.......'....##...
..# #.......#....##...
..# #.......#.....#...
..# #.......#.....#...
..# #.......#.....#...
..# #.......#.....#...


You could see an ogre and an orc.

Vanquished Creatures
  A scorpion (D:2)
  An iguana (D:4)
  3 adders
  2 oozes
  An adder skeleton (D:4)
  3 worms (D:2)
  2 dart slugs
  5 leopard geckos
  5 orcs
  2 ball pythons
  10 bats
  4 giant cockroaches
  10 goblins
  8 hobgoblins
  6 jackals (D:1)
  A quokka (D:3)
  3 frilled lizards
  7 kobolds
  6 rats
80 creatures vanquished.

Vanquished Creatures (collateral kills)
  Terence (D:3)
  A worm (D:3)
  3 orcs (D:3)
  6 goblins
  2 hobgoblins
  A quokka (D:3)
  3 rats
17 creatures vanquished.

Grand Total: 97 creatures vanquished

Notes
Turn   | Place    | Note
-------+----------+-------------------------------------------
     0 | D:1      | Flugkiller the Deep Elf Necromancer began the quest for the Orb.
     0 | D:1      | Reached XP level 1. HP: 10/10 MP: 6/6
   124 | D:1      | Reached skill level 5 in Necromancy
   463 | D:1      | Reached XP level 2. HP: 7/15 MP: 0/8
   619 | D:1      | Learned a level 1 spell: Animate Skeleton
  1393 | D:1      | Reached XP level 3. HP: 19/19 MP: 8/10
  1697 | D:1      | Learned a level 3 spell: Regeneration
  1862 | D:2      | Noticed a scorpion
  2014 | D:2      | Reached XP level 4. HP: 6/24 MP: 6/12
  2062 | D:2      | Reached skill level 6 in Necromancy
  2107 | D:2      | Learned a level 4 spell: Animate Dead
  2304 | D:2      | Reached skill level 5 in Spellcasting
  2386 | D:2      | Reached XP level 5. HP: 19/28 MP: 3/14
  2631 | D:2      | You fall through a shaft for 2 floors!
  2646 | D:4      | Found a snail-covered altar of Cheibriados.
  2665 | D:4      | Noticed Naab's ghost (amateur SpEn)
  2826 | D:3      | Noticed Terence
  3238 | D:3      | Killed Terence
  3473 | D:4      | Noticed Eustachio
  3561 | D:4      | Reached skill level 7 in Necromancy
  3612 | D:5      | Entered Level 5 of the Dungeon
  3612 | D:5      | Noticed Satyr's ghost (novice DsTm)
  3817 | D:5      | Noticed an ogre
  3997 | D:5      | Slain by an ogre

Vault maps used:
D:1:      lightli_arrival_statuegarden
D:2:      minmay_goblin_outpost
D:3:      first_ration, uniq_terence
D:4:      overflow_temple_1_default, portal_sewer_entry_a,
          minmay_fire_ice_demons, uniq_eustachio, uniq_crazy_yiuf_cottage
D:5:      kennysheep_mini_moat, lemuel_round_altar

Skill      XL: |  1  2  3  4  5 |
---------------+----------------+-----
Necromancy     | 5 6 7 |  7.0
Spellcasting   | 4 5 6 |  6.2
Fighting       | |  0.1
Dodging        | |  2.4
Stealth        | |  2.4

Action                   |  1- 3 |  4- 6 || total
-------------------------+-------+-------++-------
Melee: Dagger            |     8 |    15 ||    23
 Cast: Pain              |    78 |    90 ||   168
       Animate Skeleton  |    17 |     6 ||    23
       Regeneration      |       |    11 ||    11
       Animate Dead      |       |     7 ||     7
  Use: Scroll            |       |     5 ||     5
       Potion            |       |     1 ||     1
  Eat: Chunk             |     3 |     4 ||     7
       Ration            |       |     1 ||     1
Armor: Robe              |     8 |     9 ||    17
Dodge: Dodged            |    21 |    46 ||    67

Table legend:
 A = Spawn XP
 B = Non-spawn XP
 C = Spawn XP percentage of total XP
 D = Spawn monster count
 E = Non-spawn monster count
 F = Spawn count percentage of total count
 G = Total turns spent on level
                    A         B        C        D         E        F      G
               +---------+---------+-------+---------+---------+-------+---------
         Total |       0 |     358 |   0.0 |       0 |      97 |   0.0 |  3997
               +---------+---------+-------+---------+---------+-------+---------
           D:1 |       0 |      69 |   0.0 |       0 |      35 |   0.0 |  1829
           D:2 |       0 |     134 |   0.0 |       0 |      28 |   0.0 |  1031
           D:3 |       0 |     104 |   0.0 |       0 |      27 |   0.0 |   602
           D:4 |       0 |      48 |   0.0 |       0 |       5 |   0.0 |   482
           D:5 |       0 |       3 |   0.0 |       0 |       2 |   0.0 |    53
               +---------+---------+-------+---------+---------+-------+---------
